 Dungeon Crawl Stone Soup version 0.31.0-1-g2c135a0 (webtiles) character file.

Game seed: 3447889036667148446

122 edsrzf the Sneak (level 4, 0/27 HPs)
             Began as a Deep Elf Monk on Jan 30, 2024.
             Slain by a gnoll
             ... wielding a +0 halberd
              (11 damage)
             ... on level 3 of the Dungeon.
             The game lasted 00:04:51 (2167 turns).

edsrzf the Sneak (Deep Elf Monk)                    Turns: 2167, Time: 00:04:51

Health: 0/27       AC:  7    Str: 14    XL:     4   Next: 78%
Magic:  6/6        EV: 13    Int: 17    God:
Gold:   81         SH:  0    Dex: 17    Spells: 3/3 levels left

rFire   . . .        a - +0 falchion
rCold   . . .        d - orb {light}
rNeg    . . .        k - +0 robe
rPois   .            (no helmet)
rElec   .            (no cloak)
rCorr   .            f - +0 pair of gloves
SInv    .            (no boots)
Will    .....        t - amulet of regeneration
Stlth   +            m - +4 ring of protection
HPRegen 1.04/turn    o - +6 ring of strength
MPRegen 0.10/turn

%: no passive effects
@: glowing
A: no striking features
a: no special abilities


You were on level 3 of the Dungeon.
You visited 1 branch of the dungeon, and saw 3 of its levels.

You collected 81 gold pieces.

Inventory:

Hand Weapons
 a - a +0 falchion (weapon)
 b - a +0 dagger
Missiles
 q - 3 poisoned darts (quivered)
Armour
 c - a +0 helmet
 d - an orb of light (worn)
 f - a +0 pair of gloves (worn)
 k - a +0 robe (worn)
Jewellery
 m - a +4 ring of protection (left hand)
 o - a +6 ring of strength (right hand)
 t - an amulet of regeneration (around neck)
 w - an amulet of magic regeneration
Talismans
 r - a dragon-blood talisman
Scrolls
 g - a scroll of immolation {unknown}
 j - a scroll of identify {unknown}
 l - 3 scrolls of teleportation {@r3}
 n - a scroll of noise {unknown}
 p - a scroll of poison {unknown}
 v - a scroll of enchant weapon {unknown}
Potions
 e - a potion of mutation {unknown}
 h - 3 potions of invisibility {unknown}
 i - 3 potions of brilliance
 s - 2 potions of attraction {unknown}
 u - a potion of ambrosia


   Skills:
 - Level 2.4 Fighting
 + Level 4.0 Long Blades
 - Level 3.6 Dodging
 + Level 4.1 Stealth


You had 3 spell levels left.
You didn't know any spells.
Your spell library was empty.

Dungeon Overview and Level Annotations

Branches:
Dungeon (3/15)

Altars:
Makhleb


Message History

You open the door.
There is an open door here.
A goblin comes into view. It is wielding a +0 club.
The goblin shouts!
You hit the goblin.
The goblin is moderately wounded.
The goblin hits you with a +0 club.
You slash the goblin!
You kill the goblin!
Things that are here:
a +0 club; a goblin corpse
Things that are here:
a +0 club; a goblin corpse Done exploring.
There is an open door here.
There is an open door here.
There is a stone staircase leading down here.
You climb downwards.
Found a potion of brilliance.
There is a stone staircase leading up here.
i - 3 potions of brilliance (gained 1) Autoexplore disabled on this floor!
Autoexplore enabled for D:3 You now have 72 gold pieces (gained 11).
Found a trident.
Found a stone staircase leading down.
l - 3 scrolls of teleportation {@r3} (gained 1)
A bat comes into view.
A bat is nearby!
Found an escape hatch in the ceiling.
A goblin comes into view. It is wielding a +0 dagger.
Found 9 gold pieces.
You slash the bat!
You kill the bat!
You see here a bat corpse.
You hit the goblin but do no damage. The goblin hits you but does no damage.
You closely miss the goblin. The goblin completely misses you.
You hit the goblin.
The goblin is severely wounded.
The goblin barely misses you.
You barely miss the goblin.
The goblin is severely wounded.
The goblin hits you but does no damage.
You slash the goblin!
You kill the goblin!
Things that are here:
a +0 dagger; a goblin corpse You now have 81 gold pieces (gained 9).
An endoplasm comes into view.
The endoplasm quivers.
A rat comes into view.
Found a potion of ambrosia.
You hit the endoplasm but do no damage.
The endoplasm hits you but does no damage.
You hit the endoplasm but do no damage.
The rat squeaks loudly.
The endoplasm freezes you.
You are frozen.
You hit the endoplasm.
The endoplasm is moderately wounded.
The endoplasm freezes you.
You are frozen.
You hit the endoplasm.
You kill the endoplasm!
A giant cockroach comes into view.
The rat barely misses you.
You hit the rat.
The rat is moderately wounded.
The rat closely misses you.
You barely miss the rat.
The rat is moderately wounded.
The rat bites you but does no damage.
You hit the rat.
You kill the rat!
The giant cockroach bites you but does no damage.
You slash the giant cockroach!
You kill the giant cockroach!
Found a scroll labelled HUHAEX MOHEKE.
u - a potion of ambrosia
Found 5 stones.
v - a scroll labelled HUHAEX MOHEKE
h - 3 bubbling amethyst potions (gained 1)
Found an escape hatch in the floor.
A gnoll comes into view. It is wielding a +0 halberd.
The gnoll shouts!
A gnoll comes into view. It is wielding a +0 spear.
You see here an amulet of magic regeneration.
w - an amulet of magic regeneration A gnoll comes into view.
It is wielding a +0 halberd.
The gnoll closely misses you. The gnoll hits you with a +0 halberd!
You barely miss the gnoll.
A gnoll comes into view. It is wielding a +0 club.
The gnoll hits you with a +0 halberd!
The gnoll shouts!
You hit the gnoll.
The gnoll is heavily wounded.
You hear a shout!
The gnoll hits you with a +0 halberd!
You die...

......++...#.#.
.<....##...$..⌠... ⌠.
...........#.#.#g#g #.#
............⌠...⌠g..⌠..
#####......#.#.#.#.#.#
#.........⌠...⌠..
#......#.#.#.#.#.#.#
#.......⌠...⌠...⌠...
#........#.#@#
#..........g.#
#............#
#............#
#............#
#..............#
###########..(.# #....#
#......


You could see 3 gnolls.

Vanquished Creatures
  3 adders (D:2)
  3 gnolls (D:2)
  2 dart slugs
  6 bats
  6 endoplasms
  3 giant cockroaches
  6 goblins
  3 hobgoblins
  2 quokkas
  3 ball pythons
  4 frilled lizards
  4 kobolds
  24 rats
69 creatures vanquished.

Notes
Turn   | Place    | Note
-------+----------+-------------------------------------------
     0 | D:1      | edsrzf the Deep Elf Monk began the quest for the Orb.
     0 | D:1      | Reached XP level 1. HP: 13/13 MP: 3/3
    63 | D:1      | Reached skill level 1 in Stealth
    75 | D:1      | Reached skill level 3 in Long Blades
    89 | D:1      | Reached XP level 2. HP: 9/16 MP: 4/4
   289 | D:1      | Reached skill level 2 in Stealth
   640 | D:1      | Reached XP level 3. HP: 22/22 MP: 5/5
  1335 | D:2      | Reached skill level 3 in Stealth
  1374 | D:2      | Found a burning altar of Makhleb.
  1439 | D:2      | Reached XP level 4. HP: 26/27 MP: 6/6
  1632 | D:2      | Identified 3 potions of brilliance
  1675 | D:2      | Reached skill level 4 in Long Blades
  1675 | D:2      | Reached skill level 4 in Stealth
  1724 | D:2      | Identified 3 scrolls of teleportation
  2167 | D:3      | Slain by a gnoll

Illustrated notes

Levels and vault maps discovered:
D:1:      lightli_arrival_boilingwater, layout_loops_ring
D:2:      layout_loops_corners, basic_altar, dreamdust_princess_bridge,
          minmay_rat_hole
D:3:      layout_basic, ebering_ghost_rock_garden, kennysheep_crisscross

Skill      XL: |  1  2  3  4 |
---------------+-------------+-----
Stealth        | 1 2 3 4 |  4.1
Long Blades    | 3 4 |  4.0
Fighting       | |  2.4
Dodging        | |  3.6

Action                     |  1- 3 |  4- 6 || total
---------------------------+-------+-------++-------
  Melee: Falchion          |   110 |    64 ||   174
         Dagger            |     2 |       ||     2
  Throw: Dart              |       |     3 ||     3
    Use: Potion            |       |     2 ||     2
         Scroll            |       |     1 ||     1
 Armour: Robe              |    66 |    46 ||   112
  Dodge: Dodged            |    71 |    65 ||   136
